 Dungeon Crawl Stone Soup version 0.31-a0-1308-ga3cce3a448 (webtiles) character file.

Game seed: 12695630511343554083

2975 Somebody the Destroyer (level 9, 33/39 HPs)
             Began as a Felid Fire Elementalist on Aug 26, 2023.
             Was a Believer of Vehumet.
             Quit the game on level 7 of the Dungeon on Dec 19, 2023.
             The game lasted 00:25:01 (8477 turns).

Somebody the Destroyer (Felid Fire Elementalist)    Turns: 8477, Time: 00:25:01

Health: 33/39      AC:  2    Str:  4    XL:     9   Next: 53%
Magic:  14/16      EV: 21    Int: 20    God:    Vehumet [**....]
Gold:   37         SH:  0    Dex: 17    Spells: 2/17 levels left
                                        Lives:  2   Deaths: 1

rFire   + . .        (weapon unavailable)
rCold   . . .        (shield unavailable)
rNeg    . . .        (body armour unavailable)
rPois   .            (helmet unavailable)
rElec   .            (cloak unavailable)
rCorr   .            (gloves unavailable)
SInv    +            (boots unavailable)
Will    +....        d - amulet of magic regeneration
Stlth   ++           j - ring of protection from fire
HPRegen 0.26/turn    (no ring)
MPRegen 0.55/turn

%: no passive effects
@: no status effects
A: very small, claws 1, fangs 3, see invisible, shaggy fur 2, stealthy paws, no
weapons or thrown items, no armour, multi-lived
a: Renounce Religion


You were on level 7 of the Dungeon.
You worshipped Vehumet.
Vehumet was pleased with you.
You visited 2 branches of the dungeon, and saw 8 of its levels.

You collected 397 gold pieces.
You spent 360 gold pieces at shops.

Inventory:

Missiles
 a - 3 throwing nets
Jewellery
 d - an amulet of magic regeneration (around neck)
 j - a ring of protection from fire (left paw)
Wands
 f - a wand of mindburst (11)
 q - a wand of charming (4)
Scrolls
 e - 2 scrolls of enchant weapon {unknown}
 p - 3 scrolls of poison
 t - 5 scrolls of teleportation
Potions
 b - a potion of curing {unknown}
 c - 2 potions of enlightenment
 g - a potion of haste
 h - a potion of heal wounds
 i - 2 potions of invisibility
 k - a potion of attraction {unknown}
 Z - a potion of berserk rage


   Skills:
 - Level 7.3 Dodging
 - Level 2.6 Stealth
 + Level 4.5 Spellcasting
 + Level 10.4 Conjurations
 - Level 2.6 Fire Magic


You had 2 spell levels left.
You knew the following spells:

 Your Spells              Type           Power      Damage    Failure   Level
a - Foxfire               Conj/Fire      100%       2x1d9     1%          1
b - Scorch                Fire           30%        2d6       6%          2
c - Flame Wave            Conj/Fire      30%        2d9       9%          4
d - Dazzling Flash        Conj/Hex       50%        N/A       4%          3
e - Irradiate             Conj/Tmut      12%        3d15      36%         5

Your spell library contained the following spells:

 Spells                   Type           Power      Damage    Failure   Level
 Searing Ray              Conj           92%        2d7       1%          2
 Magic Dart               Conj           100%       1d8       1%          1
 Shock                    Conj/Air       100%       1d9       1%          1
 Call Imp                 Summ           8%         N/A       19%         2
 Poisonous Vapours        Pois/Air       8%         N/A       19%         2
 Sublimation of Blood     Necr           4%         N/A       19%         2
 Mephitic Cloud           Conj/Pois/Air  18%        N/A       9%          3
 Inner Flame              Hex/Fire       9%         N/A       22%         3
 Volatile Blastmotes      Fire/Tloc      18%        2d11      22%         3
 Call Canine Familiar     Summ           4%         N/A       36%         3
 Portal Projectile        Hex/Tloc       8%         N/A       36%         3
 Swiftness                Air            4%         N/A       36%         3
 Freezing Cloud           Conj/Ice/Air   9%         6-21      63%         5
 Airstrike                Air            2%         2d(1-17)  77%         4
 Leda's Liquefaction      Tmut/Erth      2%         N/A       77%         4
 Petrify                  Tmut/Erth      4%         N/A       77%         4
 Agony                    Necr           4%         N/A       98%         5
 Silence                  Hex/Air        2%         N/A       98%         5
 Simulacrum               Ice/Necr       2%         N/A       100%        6
 Ozocubu's Refrigeration  Ice            2%         4d7       100%        7
 Polar Vortex             Ice            2%         N/A       100%        9


Dungeon Overview and Level Annotations

Branches:
Dungeon (7/15)             Temple (1/1) D:4

Altars:
Ashenzari
Cheibriados
Dithmenos
Elyvilon
Fedhas
Gozag
Kikubaaqudgha
Makhleb
Okawaru
Qazlal
Ru
Sif Muna
Trog
Uskayaw
Vehumet
Wu Jian
Xom
Yredelemnul
Zin
The Shining One

Shops:
D:4 =

Portals:
Bailey: D:7


Innate Abilities, Weirdness & Mutations

You have sharp claws.
You have razor-sharp teeth.
You have supernaturally acute eyesight. (SInv)
You are covered in thick fur. (AC +2)
Your paws help you pounce on unaware monsters.
You are incapable of wielding weapons or throwing items.
You cannot wear armour.
You gain extra lives every three experience levels.


Message History

You start resting.
Magic restored.
You regained 5 hp, and now have 25/34 hp.
MP restored: 16 You start resting.
You hear the loud creaking of a distant portcullis.
You regained 4 hp, and now have 29/34 hp.
Items here: )) [ †.
a - 2 throwing nets (gained 1)
You see here a +0 whip.
You see here a +0 whip.
You hear the roar of battle.
There is an entrance to a bailey on this level.
Hurry and find it before the portal closes forever!
Welcome back, Somebody the Felid Fire Elementalist.
Vehumet says: Let it end in hellfire!
Press ? for a list of commands and other information.
You see here a +0 whip.
Okay, then.
You now have 25 gold pieces (gained 15).
a - 3 throwing nets (gained 1)
There is an open door here.
You see here a +0 spear.
A gnoll comes into view. It is wielding a +0 flail.
Things that are here:
12 gold pieces; a +0 rapier; a +0 ring mail You now have 37 gold pieces (gained 12).
Cast which spell? (? or * to list)
You conjure some foxfire!
You now have 15/16 mp.
Casting: Foxfire (safe; 1% risk of failure)
Confirm with . or Enter, or press ? or * to list all spells.
You conjure some foxfire!
The foxfire hits the gnoll!
The gnoll is heavily wounded.
Casting: Foxfire (safe; 1% risk of failure)
Confirm with . or Enter, or press ? or * to list all spells.
You conjure some foxfire!
The foxfire hits the gnoll!
You kill the gnoll!
Vehumet accepts your kill.
You now have 14/16 mp.
Are you sure you want to abandon this character and quit the game? (Confirm with "yes".)

.........##....#.######..........
#........##....'.#...........####
#.#+#....#[....#.†...........####
#.. #....#.v§..#..........#......
#.###.......)§.###.......##.#####
#.# .............................
#.#.###.............#######.#####
#.. .........v§.........#.# # #.#
#####)....@v..#####.#.# # #
######v#......#.#.# # #
#§#.#.#..#.#.# # # #.#.#.#..#.#.#
# #.#.#.##.....#####
##########)#.#.#.....).#.).
.........).#+#.#.#...)))).)
########...)...........#...
#.##...#######'#####


There were no monsters in sight!

Vanquished Creatures
  A troll (D:6)
  Eustachio (D:6)
  3 ice beasts
  A sky beast (D:7)
  3 ogres
  4 phantoms
  A bullfrog (D:7)
  6 scorpions
  2 jellies
  2 gnoll boudas
  8 hounds
  3 orc priests
  5 iguanas
  7 orc wizards
  Terence (D:3)
  19 gnolls
  10 adders
  4 river rats (D:4)
  A shadow imp (D:6)
  2 white imps
  4 worms (D:4)
  A dart slug (D:5)
  22 orcs
  4 ball pythons
  8 endoplasms
  2 giant cockroaches
  13 goblins
  7 hobgoblins
  6 jackals
  3 quokkas
  4 bats
  4 frilled lizards
  7 kobolds
  13 rats
182 creatures vanquished.

Vanquished Creatures (collateral kills)
  2 gnolls (D:6)
2 creatures vanquished.

Vanquished Creatures (others)
  462 foxfires
462 creatures vanquished.

Grand Total: 646 creatures vanquished

Notes
Turn   | Place    | Note
-------+----------+-------------------------------------------
     0 | D:1      | Somebody the Felid Fire Elementalist began the quest for
                  | the Orb.
     0 | D:1      | Reached XP level 1. HP: 7/7 MP: 4/4
     9 | D:1      | Noticed a bullfrog
    60 | D:1      | Upgraded the game from 0.31-a0-631-g285b096dc4 to
                  | 0.31-a0-640-g39d97e502b
    60 | D:1      | Upgraded the game from 0.31-a0-640-g39d97e502b to
                  | 0.31-a0-662-g684573625c
    66 | D:1      | Reached skill level 1 in Conjurations
   357 | D:1      | Reached XP level 2. HP: 11/11 MP: 4/6
   364 | D:1      | Reached skill level 2 in Conjurations
   371 | D:1      | Learned a level 2 spell: Scorch
  1020 | D:2      | Reached XP level 3. HP: 14/14 MP: 3/7
  1043 | D:2      | Reached skill level 3 in Conjurations
  1082 | D:2      | Reached XP level 4. HP: 18/18 MP: 0/8
  1194 | D:2      | Learned a level 4 spell: Flame Wave
  2266 | D:3      | Reached skill level 4 in Conjurations
  2332 | D:3      | Noticed a phantom
  2469 | D:3      | Killed a phantom
  2470 | D:3      | Reached XP level 5. HP: 21/21 MP: 1/10
  2616 | D:3      | Succumbed to an orc wizard's poison
  2632 | D:3      | Learned a level 3 spell: Dazzling Flash
  3004 | D:3      | Found a faded altar of an unknown god.
  3061 | D:3      | Noticed Terence
  3079 | D:3      | Killed Terence
  3080 | D:3      | Gained mutation: You are covered in thick fur. (AC +2)
                  | [Felid growth]
  3080 | D:3      | Reached XP level 6. HP: 24/24 MP: 0/12
  3431 | D:4      | Found Jiefomn's Jewellery Emporium.
  3560 | D:4      | Reached skill level 5 in Conjurations
  3794 | D:4      | Found a staircase to the Ecumenical Temple.
  3822 | Temple   | Entered the Ecumenical Temple
  3832 | Temple   | Became a worshipper of Vehumet
  4059 | D:4      | Reached XP level 7. HP: 27/27 MP: 11/14
  4166 | D:4      | The walls and floor vibrate strangely for a moment.
  4232 | D:4      | Reached skill level 6 in Conjurations
  4296 | D:4      | Identified the +0 ring mail of Distant Shores {rN+ Dex+2}
  4561 | D:5      | Entered Level 5 of the Dungeon
  4577 | D:5      | Reached * piety under Vehumet
  4577 | D:5      | Offered knowledge of Kiss of Death by Vehumet.
  4599 | D:5      | Reached skill level 7 in Conjurations
  4874 | D:5      | Reached XP level 8. HP: 31/31 MP: 11/15
  4949 | D:5      | Reached skill level 5 in Dodging
  5932 | D:6      | Learned a level 5 spell: Irradiate
  6071 | D:6      | Noticed Eustachio
  6201 | D:6      | Killed Eustachio
  6372 | D:6      | Reached skill level 8 in Conjurations
  6615 | D:6      | Noticed a troll
  6683 | D:6      | Killed a troll
  6684 | D:6      | Reached skill level 9 in Conjurations
  6684 | D:6      | Reached XP level 9. HP: 20/34 MP: 11/16
  7420 | D:4      | Bought an amulet of magic regeneration for 360 gold pieces
  7865 | D:7      | Identified the +8 spear of Resourcefulness {venom, Str+4}
  7896 | D:7      | Reached skill level 10 in Conjurations
  7959 | D:7      | Reached ** piety under Vehumet
  8016 | D:7      | Offered knowledge of Searing Ray by Vehumet.
  8125 | D:7      | Found a flagged portal.
  8466 | D:7      | Upgraded the game from 0.31-a0-662-g684573625c to
                  | 0.31-a0-1308-ga3cce3a448
  8477 | D:7      | Quit the game

Illustrated notes

Levels and vault maps discovered:
D:1:      evilmike_arrival_come_back, layout_basic, minmay_tetromino_s2
D:2:      minmay_spotlight, layout_loops_ring, serial_bayou_crossing
D:3:      layout_basic, shapermc_ecumenical_altar_pompeii, uniq_terence
D:4:      layout_cave_pools, minmay_temple_entry_drinking_statues,
          lightli_sewer_entry_pipes, serial_shops, shop,
          nicolae_figureground_sparkle
D:5:      layout_basic
D:6:      layout_basic, minmay_manual_mess, uniq_eustachio
D:7:      layout_basic, enter_bailey_5
Temple:   nicolae_temple_slightly_damp_pantheon

Skill      XL: |  1  2  3  4  5  6  7  8  9 |
---------------+----------------------------+-----
Conjurations   | 1 2 3 4 5 7 9 10 | 10.4
Spellcasting   | 3 4 |  4.5
Dodging        | 4 7 |  7.3
Stealth        | |  2.6
Fire Magic     | |  2.6

Action                     |  1- 3 |  4- 6 |  7- 9 || total
---------------------------+-------+-------+-------++-------
  Melee: Unarmed           |       |    15 |       ||    15
         Bite              |       |     1 |       ||     1
   Cast: Foxfire           |    46 |    79 |   146 ||   271
         Scorch            |       |    25 |   112 ||   137
         Flame Wave        |       |       |     1 ||     1
         Dazzling Flash    |       |       |     2 ||     2
  Evoke: Wand              |       |       |     4 ||     4
    Use: Scroll            |       |     9 |     3 ||    12
         Potion            |       |     3 |     5 ||     8
 Armour: Skin              |     4 |    25 |    61 ||    90
  Dodge: Dodged            |    14 |    57 |   184 ||   255

Table legend: (Time is in decaauts)
 A = Elapsed time spent in this place.
 B = Non-inter-level travel time spent in this place.
 C = Inter-level travel time spent in this place.
 D = Time resting spent in this place.
 E = Time spent auto-exploring this place.
 F = Levels seen in this place.
 G = Mean time per level.
                   A        B        C        D        E       F      G
               +--------+--------+--------+--------+--------+-----+--------+
         Total |   7575 |   7198 |    377 |   1354 |   4160 |   8 |  946.9 |
       Dungeon |   7558 |   7196 |    362 |   1354 |   4160 |   7 | 1079.7 |
        Temple |     17 |      2 |     15 |      0 |      0 |   1 |   17.0 |
               +--------+--------+--------+--------+--------+-----+--------+

Top non-repeatable levels by time:
     D:6: 1751 daAuts
     D:3: 1237 daAuts
     D:5: 1082 daAuts
     D:4: 1073 daAuts
     D:2: 1045 daAuts
     D:1: 795 daAuts
     D:7: 572 daAuts
  Temple: 17 daAuts
